 Dungeon Crawl Stone Soup version 0.30-a0-702-gdf48620a09 (webtiles) character file.

Game seed: 14407977552597550582

1471 Leeroy the Carver (level 8, 0/46 HPs)
             Began as a Tengu Warper on Jan 21, 2023.
             Was an Initiate of the Shining One.
             Succumbed to a gnoll's poison
             ... on level 6 of the Dungeon.
             The game lasted 00:09:05 (4921 turns).

Leeroy the Carver (Tengu Warper)                    Turns: 4921, Time: 00:09:06

Health: 0/46       AC:  4    Str: 11    XL:     8   Next: 78%
Magic:  15/15      EV: 14    Int: 13    God:    the Shining One [......]
Gold:   55         SH:  0    Dex: 17    Spells: 10/15 levels left

rFire   . . .      SeeInvis .    y - +2 long sword (flame)
rCold   . . .      Faith    .    (no shield)
rNeg    . . .      Spirit   .    b - +0 leather armour
rPois   .          Reflect  .    (helmet restricted)
rElec   .          Harm     .    e - +0 cloak
rCorr   .          Rampage  .    (no gloves)
Will    .....                    (boots unavailable)
Stlth   +                        (no amulet)
HPRegen 0.27/turn                (no ring)
MPRegen 0.14/turn                (no ring)

@: lethally poisoned (0 -> -10), flying quickly and evasively, glowing, quick
A: beak, talons 3, nimble flight
a: Renounce Religion


You were on level 6 of the Dungeon.
You worshipped the Shining One.
The Shining One was noncommittal.
You visited 1 branch of the dungeon, and saw 6 of its levels.

You collected 256 gold pieces.
You spent 201 gold pieces at shops.

Inventory:

Hand Weapons
 a - a +0 falchion
 m - a +1 dagger of venom
 o - a +2 vampiric short sword
 p - a +3 dagger
 t - a -2 dagger of freezing
 x - a +0 long sword
 y - a +2 long sword of flaming (weapon)
 C - the +11 trident "Zorghoregink" {heavy, rC+ Will- Stlth+}
   (You found it on level 6 of the Dungeon)

   rC:        It protects you from cold.
   Will:      It decreases your willpower.
   Stlth:     It makes you more stealthy.
Missiles
 d - 7 boomerangs of dispersal
 g - 10 javelins (quivered)
 i - 6 poisoned darts
Armour
 b - a +0 leather armour (worn)
 e - a +0 cloak (worn)
Wands
 B - a wand of acid (8)
Scrolls
 c - 3 scrolls of blinking
 f - 6 scrolls of identify {unknown}
 j - a scroll of noise {unknown}
 l - 4 scrolls of enchant weapon {unknown}
 n - 3 scrolls of teleportation {unknown}
 r - 2 scrolls of vulnerability {unknown}
 u - a scroll of torment {unknown}
 v - a scroll of fear {unknown}
 w - a scroll of fog {unknown}
Potions
 h - 2 potions of attraction {unknown}
 k - 4 potions of curing {unknown}
 q - 2 potions of mutation {unknown}
 s - 3 potions of heal wounds {unknown}
 z - a potion of flight {unknown}
 A - a potion of lignification {unknown}
 D - a potion of resistance {unknown}


   Skills:
 + Level 3.1 Fighting
 + Level 8.8 Long Blades
 - Level 1.0 Throwing
 - Level 1.1 Armour
 - Level 2.1 Dodging
 - Level 4.0 Spellcasting
 - Level 2.4 Translocations
 - Level 7.0 Air Magic


You had 10 spell levels left.
You knew the following spells:

 Your Spells              Type           Power      Damage    Failure   Level
a - Blink                 Tloc           16%        N/A       16%         2
b - Vhi's Electric Charg  Tloc/Air       28%        N/A       12%         3

Your spell library contained the following spells:

 Spells                   Type           Power      Damage    Failure   Level
 Lesser Beckoning         Tloc           16%        N/A       16%         2
 Beastly Appendage        Tmut           4%         N/A       26%         1
 Teleport Other           Tloc           8%         N/A       30%         3
 Wereblood                Tmut           2%         N/A       38%         2
 Spider Form              Tmut/Pois      2%         N/A       63%         3
 Manifold Assault         Tloc           8%         N/A       69%         4
 Blade Hands              Tmut           1%         N/A       100%        5
 Irradiate                Conj/Tmut      1%         3d12      100%        5
 Dragon Form              Tmut           1%         N/A       100%        7


Dungeon Overview and Level Annotations

Branches:
Dungeon (6/15)
 Temple: D:4-7

Altars:
Trog
The Shining One

Shops:
D:2 [   D:4 *   D:5 (   D:6 (


Innate Abilities, Weirdness & Mutations

You have a beak for a mouth.
You have claws for feet.
Your magical nature lets you fly swiftly and evasively.


Message History

You kill the orc!
The hound bites you but does no damage.
You slash the hound! You burn the hound.
The hound is severely wounded.
The hound barely misses you.
You hit the hound. You burn the hound.
You kill the hound!
You slash the gnoll! You burn the gnoll. You claw the gnoll.
You kill the gnoll!
The gnoll closely misses you.
You hit the shadow imp but do no damage.
You claw the shadow imp, but do no damage.
You peck the shadow imp, but do no damage.
The shadow imp barely misses you.
The gnoll hits you from afar with a +0 spear of venom.
You are poisoned.
You barely miss the shadow imp.
You claw the shadow imp, but do no damage.
You peck the shadow imp.
The shadow imp is lightly wounded.
You feel sick. The shadow imp hits you.
* * * LOW HITPOINT WARNING * * *
The gnoll misses you.
Okay, then.
You hit the shadow imp. You burn the shadow imp. You claw the shadow imp.
The shadow imp is heavily wounded.
You feel sick. The shadow imp misses you. The gnoll misses you.
You slash the shadow imp! You burn the shadow imp.
You kill the shadow imp!
The Shining One accepts your kill.
You feel sick. The gnoll barely misses you.
You slash the gnoll! You burn the gnoll. You peck the gnoll.
You kill the gnoll!
You feel sick.
The gnoll hits you from afar with a +0 spear of venom.
* * * LOW HITPOINT WARNING * * *
You are lethally poisoned!
* * * LOW HITPOINT WARNING * * *
You feel very sick.
You die...

#.# ..##### #.#
###
......)##.###....
....g...)......$.
..####...........
####g##..(.. #.#
..... #.# ....
#@# ... #.# ###
#.# ..# ###


You could see a gnoll.

Vanquished Creatures
  Prince Ribbit (D:6)
  A water moccasin (D:5)
  A black bear (D:5)
  An ogre (D:4)
  A phantom (D:4)
  3 necrophages
  2 scorpions (D:6)
  A howler monkey (D:6)
  4 hounds
  An orc priest (D:6)
  2 jellies (D:5)
  4 iguanas
  2 orc wizards (D:6)
  7 adders
  2 gnolls (D:6)
  3 shadow imps (D:6)
  3 worms
  4 dart slugs
  8 orcs
  8 endoplasms
  5 giant cockroaches
  6 hobgoblins
  2 jackals (D:3)
  A quokka (D:1)
  7 ball pythons
  5 bats
  4 frilled lizards
  4 goblins
  10 kobolds
  4 rats
107 creatures vanquished.

Notes
Turn   | Place    | Note
-------+----------+-------------------------------------------
     0 | D:1      | Leeroy the Tengu Warper began the quest for the Orb.
     0 | D:1      | Reached XP level 1. HP: 12/12 MP: 4/4
   170 | D:1      | Reached XP level 2. HP: 8/17 MP: 6/6
   215 | D:1      | Reached skill level 3 in Long Blades
   652 | D:1      | Reached XP level 3. HP: 21/21 MP: 7/7
   835 | D:2      | Reached skill level 4 in Long Blades
  1011 | D:2      | Found Zofaun's Antique Armour Shop.
  1189 | D:2      | Reached XP level 4. HP: 26/26 MP: 8/8
  1567 | D:3      | Reached skill level 5 in Long Blades
  1570 | D:3      | Learned a level 2 spell: Blink
  1574 | D:3      | Learned a level 3 spell: Vhi's Electric Charge
  1854 | D:3      | Reached skill level 1 in Air Magic
  1911 | D:3      | Gained mutation: Your magical nature lets you fly swiftly
                  | and evasively. [Tengu growth]
  1911 | D:3      | Reached XP level 5. HP: 23/30 MP: 9/9
  2443 | D:4      | Found Xecemme's Fire Supplies.
  2510 | D:4      | Noticed an ogre
  2545 | D:4      | Killed an ogre
  2621 | D:4      | Reached XP level 6. HP: 25/35 MP: 11/11
  3195 | D:4      | Found a glowing golden altar of the Shining One.
  3408 | D:5      | Entered Level 5 of the Dungeon
  3418 | D:5      | Reached skill level 5 in Air Magic
  3484 | D:5      | Found a bloodstained altar of Trog.
  3487 | D:5      | Noticed a water moccasin
  3488 | D:5      | Noticed a black bear
  3505 | D:5      | Killed a water moccasin
  3506 | D:5      | Reached XP level 7. HP: 27/40 MP: 11/13
  3689 | D:4      | Bought a +2 long sword of flaming for 201 gold pieces
  3902 | D:5      | Found Kidoir's Weapon Shoppe.
  3933 | D:5      | Reached skill level 6 in Long Blades
  4171 | D:4      | Became a worshipper of the Shining One
  4234 | D:6      | Reached XP level 8. HP: 35/44 MP: 15/15
  4318 | D:6      | Found Lomujac's Antique Weapon Emporium.
  4347 | D:6      | Noticed Prince Ribbit
  4355 | D:6      | Killed Prince Ribbit
  4356 | D:6      | Reached skill level 7 in Long Blades
  4534 | D:6      | Identified the +11 trident "Zorghoregink" {heavy, rC+ Will-
                  | Stlth+}
  4777 | D:6      | Reached skill level 8 in Long Blades
  4920 | D:6      | HP: 2/46 [poisoned by a gnoll]
  4921 | D:6      | Succumbed to a gnoll's poison

Illustrated notes

Levels and vault maps discovered:
D:1:      nicolae_arrival_memento_mori, layout_basic, nicolae_titane
D:2:      layout_rooms, serial_shops, nicolae_shop_advertising_works
          [nicolae_subvault_shop_adworks], nrook_campfire
D:3:      layout_loops_ring, chequers_avenue, kennysheep_nub
D:4:      layout_loops_ring, nicolae_overflow_hidden_temple,
          nicolae_shop_fire_sale [nicolae_sub_dead_trees]
D:5:      layout_basic, amcnicky_altar_gilded, serial_shops,
          nicolae_shop_bloodbath_and_beyond
D:6:      layout_loops_ring, serial_shops, kennysheep_mini, uniq_prince_ribbit1

Skill      XL: |  1  2  3  4  5  6  7  8 |
---------------+-------------------------+-----
Long Blades    | 3 4 5 6 8 |  8.8
Air Magic      | 1 3 5 7 |  7.0
Spellcasting   | 3 4 |  4.0
Fighting       | 3 |  3.1
Throwing       | |  1.0
Armour         | |  1.1
Dodging        | |  2.1
Translocations | |  2.4

Action                   |  1- 3 |  4- 6 |  7- 9 || total
-------------------------+-------+-------+-------++-------
Melee: Falchion          |    72 |       |     8 ||    80
       Kick              |    26 |    36 |    29 ||    91
       Peck              |    15 |    19 |    23 ||    57
       Dagger            |    20 |    56 |     8 ||    84
       Short sword       |       |    63 |     5 ||    68
       Punch             |       |     1 |       ||     1
       Long sword        |       |       |    85 ||    85
Throw: Dart              |       |     8 |       ||     8
       Javelin           |       |     3 |       ||     3
 Stab: Sleeping          |       |     3 |     1 ||     4
Armor: Leather armour    |    19 |    21 |    12 ||    52
Dodge: Dodged            |    52 |    68 |    72 ||   192

Table legend: (Time is in decaauts)
 A = Elapsed time spent in this place.
 B = Non-inter-level travel time spent in this place.
 C = Inter-level travel time spent in this place.
 D = Time resting spent in this place.
 E = Time spent auto-exploring this place.
 F = Levels seen in this place.
 G = Mean time per level.
                   A        B        C        D        E       F      G
               +--------+--------+--------+--------+--------+-----+--------+
         Total |   4695 |   4418 |    277 |    112 |   3358 |   6 |  782.5 |
       Dungeon |   4695 |   4418 |    277 |    112 |   3358 |   6 |  782.5 |
               +--------+--------+--------+--------+--------+-----+--------+

Top non-repeatable levels by time:
     D:4: 1039 daAuts
     D:3: 933 daAuts
     D:1: 825 daAuts
     D:5: 774 daAuts
     D:2: 571 daAuts
     D:6: 551 daAuts
